 Dungeon Crawl Stone Soup version 0.31-a0-83-gbff143cfd1 (webtiles) character file.

Game seed: 13552794347197969133

558 Esekla the Covert (level 7, -8/48 HPs)
             Began as an Octopode Delver on May 24, 2023.
             Was an Initiate of Gozag.
             Mangled by an ice beast (11 damage)
             ... on level 5 of the Dungeon.
             The game lasted 00:20:39 (5217 turns).

Esekla the Covert (Octopode Delver)                 Turns: 5217, Time: 00:20:40

Health: -8/48      AC:  1    Str: 11    XL:     7   Next: 31%
Magic:  10/10      EV: 14    Int: 14    God:    Gozag
Gold:   927        SH:  0    Dex: 14    Spells: 8/10 levels left

rFire   . . .        a - +1 falchion (flame)
rCold   . . .        (no shield)
rNeg    . . .        (helmet restricted)
rPois   .            o - amulet of magic regeneration
rElec   .            (no ring)
rCorr   .            (no ring)
SInv    .            (no ring)
Will    .....        (no ring)
Stlth   +++++        (no ring)
HPRegen 0.28/turn    (no ring)
MPRegen 0.52/turn    (no ring)
                     (no ring)

%: no passive effects
@: no status effects
A: almost no armour, amphibious, 8 rings, camouflage 1, gelatinous body 1,
(nimble swimmer 1), tentacles
a: Renounce Religion, Potion Petition, Call Merchant, Bribe Branch


You were on level 5 of the Dungeon.
You worshipped Gozag.
Gozag was pleased with you.
You visited 2 branches of the dungeon, and saw 6 of its levels.

You collected 948 gold pieces.
You paid 21 gold pieces to Gozag.

Inventory:

Hand Weapons
 a - a +1 falchion of flaming (weapon)
 r - a +0 trident
 s - a +2 dagger of draining
 w - a +1 dagger of holy wrath
Missiles
 u - a throwing net (quivered)
 A - 2 poisoned darts
Jewellery
 o - an amulet of magic regeneration (around mantle)
Wands
 f - a wand of digging (3)
 i - a wand of roots (7)
Scrolls
 b - 3 scrolls of fog
 c - 2 scrolls of silence {unknown}
 d - a scroll of fear
 g - a scroll of enchant armour {unknown}
 h - a scroll of brand weapon {unknown}
 j - 4 scrolls of identify {unknown}
 k - 2 scrolls of teleportation {unknown}
 m - a scroll of blinking {unknown}
 n - 3 scrolls of poison {unknown}
 p - a scroll of amnesia {unknown}
 q - a scroll of enchant weapon {unknown}
 x - a scroll of vulnerability {unknown}
 y - a scroll of immolation {unknown}
 B - a scroll of magic mapping
Potions
 e - 4 potions of haste
 l - 5 potions of curing {unknown}
 t - a potion of lignification {unknown}
 v - 2 potions of experience {unknown}
 z - a potion of invisibility {unknown}


   Skills:
 * Level 4.2 Fighting
 + Level 1.0(2.4) Short Blades
 * Level 3.6(3.7) Long Blades
 * Level 3.3 Dodging
 + Level 8.6 Stealth
 * Level 2.1 Spellcasting
 * Level 2.3 Transmutations


You had 8 spell levels left.
You knew the following spells:

 Your Spells              Type           Power      Damage    Failure   Level
w - Wereblood             Tmut           7%         N/A       14%         2

Your spell library contained the following spells:

 Spells                   Type           Power      Damage    Failure   Level
 Summon Small Mammal      Summ           4%         N/A       24%         1
 Shock                    Conj/Air       0%         1d3       26%         1
 Sublimation of Blood     Necr           1%         N/A       34%         2
 Call Canine Familiar     Summ           1%         N/A       56%         3
 Swiftness                Air            1%         N/A       56%         3
 Summon Guardian Golem    Hex/Summ       0%         N/A       61%         3
 Airstrike                Air            0%         2d(1-17)  93%         4
 Summon Hydra             Summ           0%         N/A       100%        7


Dungeon Overview and Level Annotations

Branches:
Dungeon (5/15)             Temple (1/1) D:5

Altars:
Ashenzari
Cheibriados
Elyvilon
Gozag
Hepliaklqana
Okawaru
Qazlal
Ru
Sif Muna
Uskayaw
Vehumet
Wu Jian
Xom
Yredelemnul


Innate Abilities, Weirdness & Mutations

You cannot wear most types of armour.
You are amphibious.
You can wear up to eight rings at the same time.
Your skin changes colour to match your surroundings (Stealth+).
Your rubbery body absorbs attacks. (AC +1, EV +1)
((You are camouflaged when in or above water. (Stealth+)))
You have tentacles for arms and can constrict up to eight enemies at once.


Message History

Aim: an ice beast (60% to hit)
You throw a throwing net. The throwing net hits the ice beast.
The ice beast is caught in the net!
The ice beast struggles against the net.
The ice beast struggles against the net.
The ice beast struggles against the net.
The ice beast struggles against the net.
You hit the ice beast but do no damage.
The ice beast struggles against the net.
You slash the ice beast!
You melt the ice beast.
The ice beast is heavily wounded.
The ice beast struggles against the net.
The net rips apart, and the ice beast comes free!
You hit the ice beast.
You melt the ice beast.
The ice beast is severely wounded.
The ice beast hits you. The ice beast freezes you!
You closely miss the ice beast.
The ice beast is severely wounded.
The ice beast hits you but does no damage.
The ice beast hits you. The ice beast freezes you!
You hit the ice beast but do no damage.
The ice beast is severely wounded.
The ice beast hits you. The ice beast freezes you.
* * * LOW HITPOINT WARNING * * *
You closely miss the ice beast. Your squeeze misses the ice beast.
The ice beast is severely wounded.
The ice beast barely misses you.
You hit the ice beast but do no damage.
The ice beast is severely wounded.
The ice beast hits you.
* * * LOW HITPOINT WARNING * * *
The ice beast freezes you!
* * * LOW HITPOINT WARNING * * *
You closely miss the ice beast. Your squeeze misses the ice beast.
The ice beast is severely wounded.
The ice beast hits you.
* * * LOW HITPOINT WARNING * * *
The ice beast freezes you!
You die...
Your body crumbles into a pile of gold.

*,,,* *,* #.# #.. *,*,**# *,* ##*
#.# ###.. ,,*,,.###**,**#.#* #.#
#.... #####...,,,,**.#.#*#.#
##.###
..#...#######.#*#.##.#######...##
#.#.###......#* ##.#.....<.......
<....W.....##.*##......#####...##
....###.##.###.#..####.# ####....
................@.# #.# #.......
.....#####.####Y..# #.# #.##..##
.#[#.# #.# ##^.# #.# #.##..#
.#.#.# #.# #..####.###.##..#
.#.#.# #.# #.........[.....#
.#.#.#####.######.###########.###
..................# #....
##....###.#######.# ##### .#....#
#.#******,*


You could see an ice beast.

Vanquished Creatures
  A centaur (D:4)
  2 hounds
  An orc priest (D:3)
  Jessica (D:3)
  Natasha (thrice) (D:3)
  Terence (D:3)
  2 iguanas
  2 orc wizards
  5 adders
  4 worms (D:2)
  3 dart slugs
  9 orcs
  8 bats
  4 endoplasms
  2 giant cockroaches
  5 goblins
  8 hobgoblins
  8 quokkas
  6 ball pythons
  6 frilled lizards
  12 kobolds
  6 rats
99 creatures vanquished.

Notes
Turn   | Place    | Note
-------+----------+-------------------------------------------
     0 | D:5      | Esekla the Octopode Delver began the quest for the Orb.
     0 | D:5      | Reached XP level 1. HP: 16/16 MP: 1/1
    62 | D:5      | Noticed a hound
    70 | D:5      | Killed a hound
    71 | D:5      | Reached skill level 7 in Stealth
    71 | D:5      | Reached XP level 2. HP: 15/21 MP: 2/2
    71 | D:5      | Reached XP level 3. HP: 19/26 MP: 3/3
   243 | D:5      | Found a staircase to the Ecumenical Temple.
   260 | Temple   | Entered the Ecumenical Temple
   378 | Temple   | Became a worshipper of Gozag Ym Sagoz the Greedy
   590 | D:5      | Noticed a phantom
   626 | D:4      | Reached skill level 1 in Spellcasting
   626 | D:4      | Reached XP level 4. HP: 11/31 MP: 5/5
   940 | D:4      | Noticed a centaur
  1269 | D:3      | Noticed Terence
  1552 | D:2      | Reached XP level 5. HP: 30/36 MP: 6/6
  1560 | D:2      | Found a faded altar of an unknown god.
  1626 | D:1      | Learned a level 2 spell: Wereblood
  2654 | D:2      | Reached skill level 8 in Stealth
  3407 | D:3      | Killed Terence
  3414 | D:3      | Noticed Natasha
  3423 | D:3      | Killed Natasha
  3424 | D:3      | Reached skill level 1 in Transmutations
  3424 | D:3      | Reached XP level 6. HP: 38/43 MP: 8/8
  3547 | D:3      | Noticed Jessica
  3553 | D:3      | Killed Jessica
  4001 | D:3      | Noticed Natasha
  4008 | D:3      | Killed Natasha
  4215 | D:3      | Noticed Natasha
  4224 | D:3      | Killed Natasha
  4477 | D:4      | Reached XP level 7. HP: 41/48 MP: 10/10
  4687 | D:4      | Reached skill level 1 in Short Blades
  5217 | D:5      | Mangled by an ice beast

Illustrated notes

Levels and vault maps discovered:
D:1:      elethiomel_arrival_maze, layout_basic
D:2:      layout_basic, shapermc_ecumenical_altar_mp_urbaneastern,
          minmay_tripent
D:3:      layout_loops_ring, minmay_circle_x, uniq_jessica, uniq_natasha,
          uniq_terence
D:4:      layout_basic
D:5:      layout_loops_ring, minmay_temple_entry_trees, eino_tiny_chamber,
          item_on_display_a
Temple:   dpeg_five_rooms_temple

Skill      XL: |  1  2  3  4  5  6  7 |
---------------+----------------------+-----
Stealth        | 7 8 |  8.6
Spellcasting   | 1 2 |  2.1
Long Blades    | 3 |  3.6
Transmutations | 1 2 |  2.3
Dodging        | 3 |  3.3
Fighting       | 4 |  4.2
Short Blades   | 1 |  1.0

Action                     |  1- 3 |  4- 6 |  7- 9 || total
---------------------------+-------+-------+-------++-------
  Melee: Falchion          |    14 |   103 |    24 ||   141
         Tentacles         |     4 |    28 |     8 ||    40
         Constrict         |     2 |    34 |     3 ||    39
         Dagger            |       |    48 |     1 ||    49
         Punch             |       |     2 |     3 ||     5
  Throw: Throwing net      |       |       |     1 ||     1
   Cast: Wereblood         |       |     5 |     1 ||     6
  Evoke: Wand              |       |     1 |       ||     1
    Use: Scroll            |     1 |       |     1 ||     2
   Stab: Sleeping          |     1 |    27 |     1 ||    29
         Distracted        |       |     2 |       ||     2
 Armour: Skin              |       |     9 |     3 ||    12
  Dodge: Dodged            |     6 |    63 |    18 ||    87

Table legend: (Time is in decaauts)
 A = Elapsed time spent in this place.
 B = Non-inter-level travel time spent in this place.
 C = Inter-level travel time spent in this place.
 D = Time resting spent in this place.
 E = Time spent auto-exploring this place.
 F = Levels seen in this place.
 G = Mean time per level.
                   A        B        C        D        E       F      G
               +--------+--------+--------+--------+--------+-----+--------+
         Total |   5223 |   5042 |    181 |    956 |   1569 |   6 |  870.5 |
       Dungeon |   5028 |   4923 |    105 |    956 |   1464 |   5 | 1005.6 |
        Temple |    194 |    118 |     76 |      0 |    105 |   1 |  194.0 |
               +--------+--------+--------+--------+--------+-----+--------+

Top non-repeatable levels by time:
     D:3: 1611 daAuts
     D:1: 971 daAuts
     D:4: 970 daAuts
     D:2: 916 daAuts
     D:5: 559 daAuts
  Temple: 194 daAuts
